 Dungeon Crawl Stone Soup version 0.31.0-9-g3a7656b989 (webtiles) character file.

Game seed: 8231561862195171286

26 qw the Shooter (level 2, -1/16 HPs)
             Began as a Deep Elf Hunter on Feb 2, 2024.
             Succumbed to their own poison gas
             ... on level 1 of the Dungeon.
             The game lasted 00:00:02 (496 turns).

qw the Shooter (Deep Elf Hunter)                     Turns: 496, Time: 00:00:02

Health: -1/16      AC:  5    Str:  8    XL:     2   Next: 89%
Magic:  4/4        EV: 10    Int: 13    God:
Gold:   84         SH:  0    Dex: 18    Spells: 1/1 levels left

rFire   . . .        a - +0 shortbow
rCold   . . .        (shield currently unavailable)
rNeg    . . .        f - +0 ring mail
rPois   .            (no helmet)
rElec   .            (no cloak)
rCorr   .            (no gloves)
SInv    .            (no boots)
Will    .....        (no amulet)
Stlth   +            (no ring)
HPRegen 0.22/turn    (no ring)
MPRegen 0.09/turn

%: no passive effects
@: lethally poisoned (-1 -> -8)
A: no striking features
a: no special abilities


You were on level 1 of the Dungeon.
You visited 1 branch of the dungeon, and saw 1 of its levels.

You collected 84 gold pieces.


   Skills:
 - Level 1.5 Fighting
 + Level 6.6 Ranged Weapons
 - Level 2.4 Dodging
 - Level 1.2 Stealth


You had one spell level left.
You didn't know any spells.
Your spell library was empty.

Inventory:

Hand Weapons
 a - a +0 shortbow (weapon)
Armour
 f - a +0 ring mail (worn)
Potions
 g - a potion of heal wounds
 h - a potion of haste {unknown}
 j - a potion of curing {unknown}

Dungeon Overview and Level Annotations

Branches:
Dungeon (1/15)

Altars:


Message History

Partly explored, can't reach some places.
490 ||| READING 2 scrolls labelled PAERHU OLANT.
As you read the scroll labelled PAERHU OLANT, it crumbles to dust.
It is a scroll of identify.
490 ||| IDENTIFYING metallic cyan potion
d - a potion of ambrosia Partly explored, can't reach some places.
491 ||| READING scroll of identify.
491 ||| IDENTIFYING brown potion
As you read the scroll of identify, it crumbles to dust.
g - a potion of heal wounds Partly explored, can't reach some places.
492 ||| READING scroll labelled BUARAC OPAA.
The air fills with toxic fumes!
As you read the scroll labelled BUARAC OPAA, it crumbles to dust.
It was a scroll of poison.
Partly explored, can't reach some places.
493 ||| DROPPING scroll of butterflies.
You drop a scroll of butterflies.
You hear a splash.
Partly explored, can't reach some places.
494 ||| DROPPING potion of ambrosia.
You drop a potion of ambrosia.
You hear a splash.
Partly explored, can't reach some places.
What level of the Dungeon? (default 1, ? - help) Sorry, I don't know how to get there.
Enter note:
Enter note:
Enter note:
Enter note:
Enter note:
Enter note:
Enter note:
Enter note:
Enter note: You are engulfed in poison gas.
You are poisoned.
Ouch! That really hurt!
You feel very sick.
496 ||| Stepping ~*~*~tactically~*~*~ (cloud).
You die...

#### ####### ##~~~7## #####
#.....# #~~~70¤# ##...###
#..>..#####777¤¤#####..#...###
#.....#...'..@¤¤¤¤##..####....
#.......###7770¤###..## ####.
#.......###0¤!7..##.## #.
#.....#...##¤¤~7###.# #.
#.....########## #### ##
#####.# #..# #..# #######
#.######.# #..####......
#....# #.## #..........:.
####.# #..# #.###........


There were no monsters in sight!

Vanquished Creatures
  A dart slug (D:1)
  A bat (D:1)
  An endoplasm (D:1)
  2 giant cockroaches (D:1)
  3 goblins (D:1)
  2 hobgoblins (D:1)
  2 kobolds (D:1)
  A quokka (D:1)
  6 ball pythons (D:1)
  3 rats (D:1)
22 creatures vanquished.

Notes
Turn   | Place    | Note
-------+----------+-------------------------------------------
     0 | D:1      | qw the Deep Elf Hunter began the quest for the Orb.
     0 | D:1      | Reached XP level 1. HP: 12/12 MP: 3/3
     0 | D:1      | 0 ||| qw: Version: 0.3-a-155-g5e7d8dd
     0 | D:1      | 0 ||| qw: Game counter: 1817
     0 | D:1      | 0 ||| qw: Melee chars always use a shield: true
     0 | D:1      | 0 ||| qw: God list: Okawaru
     0 | D:1      | 0 ||| qw: Allow faded altars: false
     0 | D:1      | 0 ||| qw: Do Orc after clearing Dungeon:15 true
     0 | D:1      | 0 ||| qw: Do second Lair branch before Depths: true
     0 | D:1      | 0 ||| qw: Lair rune preference: random
     0 | D:1      | 0 ||| qw: Goals: Normal
     0 | D:1      | 0 ||| PLANNING D:1-11
    90 | D:1      | Reached XP level 2. HP: 16/16 MP: 4/4
   104 | D:1      | Reached skill level 6 in Ranged Weapons
   479 | D:1      | 479 ||| UPGRADING to +0 ring mail.
   489 | D:1      | 489 ||| DROPPING +0 leather armour.
   490 | D:1      | 490 ||| READING 2 scrolls labelled PAERHU OLANT.
   490 | D:1      | 490 ||| IDENTIFYING metallic cyan potion
   491 | D:1      | 491 ||| READING scroll of identify.
   491 | D:1      | 491 ||| IDENTIFYING brown potion
   492 | D:1      | 492 ||| READING scroll labelled BUARAC OPAA.
   493 | D:1      | 493 ||| DROPPING scroll of butterflies.
   494 | D:1      | 494 ||| DROPPING potion of ambrosia.
   495 | D:1      | HP: 1/16 [poisoned by you (poison gas)]
   496 | D:1      | 496 ||| Stepping ~*~*~tactically~*~*~ (cloud).
   496 | D:1      | Succumbed to their own poison gas

Levels and vault maps discovered:
D:1:      saegor_arrival_simple_d, layout_rooms

Skill      XL: |  1  2 |
---------------+-------+-----
Ranged Weapons | 6 |  6.6
Fighting       | |  1.5
Dodging        | |  2.4
Stealth        | |  1.2

Action                     || total
---------------------------++-------
   Fire: Shortbow          ||    44
    Use: Scroll            ||     3
 Armour: Leather armour    ||     1
  Dodge: Dodged            ||     3

Table legend:
 A = Non-vault XP
 B = Vault XP
 C = Vault XP percentage of total XP
 D = Non-vault monster count
 E = Vault monster count
 F = Vault count percentage of total count
                 A         B        C        D         E       F
            +---------+---------+-------+---------+---------+-------
      Total |      38 |       0 |   0.0 |      22 |       0 |   0.0
            +---------+---------+-------+---------+---------+-------
        D:1 |      38 |       0 |   0.0 |      22 |       0 |   0.0
            +---------+---------+-------+---------+---------+-------
